Workbook

Sheet 法適用_病院事業
B2: 経営比較分析表（平成29年度決算）
B6: =データ!H6 -> 山形県山形市 市立病院済生館
B7: 法適用区分 | AU7: 業種名・事業名 | CN7: 病院区分 | EG7: 類似区分 | FZ7: 管理者の情報 | ID7: 許可病床（一般） | JW7: 許可病床（療養） | LP7: 許可病床（結核） | NJ7: グラフ凡例
B8: =データ!K6 -> 条例全部 | AU8: =データ!L6 -> 病院事業 | CN8: =データ!M6 -> 一般病院 | EG8: =データ!N6 -> 500床以上 | FZ8: =データ!O7 -> 自治体職員 | ID8: =データ!Y6 -> 528 | JW8: =データ!Z6 -> - | LP8: =データ!AA6 -> - | NJ8: ■ | NL8: 当該病院値（当該値）
B9: 経営形態 | AU9: 診療科数 | CN9: DPC対象病院 | EG9: 特殊診療機能 ※１ | FZ9: 指定病院の状況 ※２ | ID9: 許可病床（精神） | JW9: 許可病床（感染症） | LP9: 許可病床（合計） | NJ9: － | NL9: 類似病院平均値（平均値）
B10: =データ!P6 -> 直営 | AU10: =データ!Q6 -> 30 | CN10: =データ!R6 -> 対象 | EG10: =データ!S6 -> ド 透 未 訓 ガ | FZ10: =データ!T6 -> 救 臨 が 災 地 | ID10: =データ!AB6 -> - | JW10: =データ!AC6 -> - | LP10: =データ!AD6 -> 528 | NJ10: 【】 | NL10: 平成29年度全国平均
B11: 人口（人） | AU11: 建物面積（㎡） | CN11: 不採算地区病院 | EG11: 看護配置 | ID11: 稼働病床（一般） | JW11: 稼働病床（療養） | LP11: 稼働病床（一般＋療養）
B12: =データ!U6 -> 248024 | AU12: =データ!V6 -> 41950 | CN12: =データ!W6 -> 非該当 | EG12: =データ!X6 -> ７：１ | ID12: =データ!AE6 -> 528 | JW12: =データ!AF6 -> - | LP12: =データ!AG6 -> 528
B13: ※１ ド…人間ドック 透…人工透析 Ｉ…ＩＣＵ・ＣＣＵ 未…ＮＩＣＵ・未熟児室 訓…運動機能訓練室 ガ…ガン（放射線）診療
B14: ※２ 救…救急告示病院 臨…臨床研修病院 が…がん診療連携拠点病院 感…感染症指定医療機関 ヘ…へき地医療拠点病院 災…災害拠点病院 地…地域医療支援病院 特…特定機能病院 輪…病院群輪番制病院 | NJ14: Ⅰ 地域において担っている役割
F16: 1. 経営の健全性・効率性 | NJ16: 地域の基幹病院として、全体的に急性期を担い、一部疾患によっては高度急性期を担っている。 加えて、公立病院の責務として救急搬送受入要請を「断らない」ことを大原則として、地域の救急医療に貢献していく。 地域医療支援病院などの各種指定に基づき、『安全で安心できる質の高い医療の提供』『健全経営』を目指します。
NJ26: Ⅱ 分析欄
NJ28: 1. 経営の健全性・効率性について
NJ30: ①経常収支比率、②医業収支比率ともに低下傾向であったが、H29年度は小幅な経常赤字に留まっている。 これは、H29年1月に病棟を一つ閉鎖し、人員をはじめとする経営資源を再構築し、加えてHCUなどの質の高い医療の提供に努めたことによる成果と考えている。 ⑦職員給与費対医業収益比率については、人事院勧告に準拠した市職員給与引き上げの影響が一段落した。 ④病床利用率は病床を減らした影響で大幅に改善しているように見えているが、入院患者数は微増に留まっており、⑤入院患者1人1日当たり収益、⑥外来患者1人1日当たり収益の改善が病院収益全体を補っている。 引き続き、『質の高い医療の提供』という役割を果たすべく経営改善・努力を行っている。
P32: =データ!$B$11 -> 41275 | AE32: =データ!$C$11 -> 41640 | AT32: =データ!$D$11 -> 42005 | BI32: =データ!$E$11 -> 42370 | BX32: =データ!$F$11 -> 42736 | DD32: =データ!$B$11 -> 41275 | DS32: =データ!$C$11 -> 41640 | EH32: =データ!$D$11 -> 42005 | EW32: =データ!$E$11 -> 42370 | FL32: =データ!$F$11 -> 42736 | GR32: =データ!$B$11 -> 41275 | HG32: =データ!$C$11 -> 41640 | HV32: =データ!$D$11 -> 42005 | IK32: =データ!$E$11 -> 42370 | IZ32: =データ!$F$11 -> 42736 | KF32: =データ!$B$11 -> 41275 | KU32: =データ!$C$11 -> 41640 | LJ32: =データ!$D$11 -> 42005 | LY32: =データ!$E$11 -> 42370 | MN32: =データ!$F$11 -> 42736
G33: 当該値 | P33: =データ!AH7 -> 107.8 | AE33: =データ!AI7 -> 103.5 | AT33: =データ!AJ7 -> 102.2 | BI33: =データ!AK7 -> 97.9 | BX33: =データ!AL7 -> 99.8 | CU33: 当該値 | DD33: =データ!AS7 -> 102.7 | DS33: =データ!AT7 -> 97.9 | EH33: =データ!AU7 -> 96.1 | EW33: =データ!AV7 -> 92.6 | FL33: =データ!AW7 -> 94.8 | GI33: 当該値 | GR33: =データ!BD7 -> 0 | HG33: =データ!BE7 -> 0 | HV33: =データ!BF7 -> 0 | IK33: =データ!BG7 -> 3.1 | IZ33: =データ!BH7 -> 3.2 | JW33: 当該値 | KF33: =データ!BO7 -> 78.7 | KU33: =データ!BP7 -> 74.8 | LJ33: =データ!BQ7 -> 72.3 | LY33: =データ!BR7 -> 72.4 | MN33: =データ!BS7 -> 79.6
G34: 平均値 | P34: =データ!AM7 -> 101.7 | AE34: =データ!AN7 -> 101.1 | AT34: =データ!AO7 -> 100.3 | BI34: =データ!AP7 -> 99.8 | BX34: =データ!AQ7 -> 100.1 | CU34: 平均値 | DD34: =データ!AX7 -> 96 | DS34: =データ!AY7 -> 94.6 | EH34: =データ!AZ7 -> 94.4 | EW34: =データ!BA7 -> 93.6 | FL34: =データ!BB7 -> 94 | GI34: 平均値 | GR34: =データ!BI7 -> 41.7 | HG34: =データ!BJ7 -> 37.7 | HV34: =データ!BK7 -> 36.8 | IK34: =データ!BL7 -> 33.9 | IZ34: =データ!BM7 -> 34.9 | JW34: 平均値 | KF34: =データ!BT7 -> 80.3 | KU34: =データ!BU7 -> 80.7 | LJ34: =データ!BV7 -> 80.7 | LY34: =データ!BW7 -> 79.5 | MN34: =データ!BX7 -> 79.9
E36: 「経常損益」 | CS36: 「医業損益」 | GG36: 「累積欠損」 | JU36: 「施設の効率性」
NJ47: 2. 老朽化の状況について
NJ49: 病院建物については、築年数が20年超となっており、①有形固定資産減価償却率、②機械備品減価償却率を見ても、「類似病院平均値」を上回っている状況。 早急な新築移転・増改築が必要な状況にはないが、将来を見据えた施設整備計画の検討、医療機器等の適切な更新を行っていく。
P54: =データ!$B$11 -> 41275 | AE54: =データ!$C$11 -> 41640 | AT54: =データ!$D$11 -> 42005 | BI54: =データ!$E$11 -> 42370 | BX54: =データ!$F$11 -> 42736 | DD54: =データ!$B$11 -> 41275 | DS54: =データ!$C$11 -> 41640 | EH54: =データ!$D$11 -> 42005 | EW54: =データ!$E$11 -> 42370 | FL54: =データ!$F$11 -> 42736 | GR54: =データ!$B$11 -> 41275 | HG54: =データ!$C$11 -> 41640 | HV54: =データ!$D$11 -> 42005 | IK54: =データ!$E$11 -> 42370 | IZ54: =データ!$F$11 -> 42736 | KF54: =データ!$B$11 -> 41275 | KU54: =データ!$C$11 -> 41640 | LJ54: =データ!$D$11 -> 42005 | LY54: =データ!$E$11 -> 42370 | MN54: =データ!$F$11 -> 42736
G55: 当該値 | P55: =データ!BZ7 -> 45682 | AE55: =データ!CA7 -> 46058 | AT55: =データ!CB7 -> 48579 | BI55: =データ!CC7 -> 48485 | BX55: =データ!CD7 -> 49833 | CU55: 当該値 | DD55: =データ!CK7 -> 11819 | DS55: =データ!CL7 -> 12305 | EH55: =データ!CM7 -> 13136 | EW55: =データ!CN7 -> 13818 | FL55: =データ!CO7 -> 14457 | GI55: 当該値 | GR55: =データ!CV7 -> 52.8 | HG55: =データ!CW7 -> 52.3 | HV55: =データ!CX7 -> 55.4 | IK55: =データ!CY7 -> 58 | IZ55: =データ!CZ7 -> 55.8 | JW55: 当該値 | KF55: =データ!DG7 -> 20.3 | KU55: =データ!DH7 -> 20.7 | LJ55: =データ!DI7 -> 20.7 | LY55: =データ!DJ7 -> 20.9 | MN55: =データ!DK7 -> 21.4
G56: 平均値 | P56: =データ!CE7 -> 59159 | AE56: =データ!CF7 -> 60787 | AT56: =データ!CG7 -> 62913 | BI56: =データ!CH7 -> 64765 | BX56: =データ!CI7 -> 66228 | CU56: 平均値 | DD56: =データ!CP7 -> 14865 | DS56: =データ!CQ7 -> 15610 | EH56: =データ!CR7 -> 16993 | EW56: =データ!CS7 -> 17680 | FL56: =データ!CT7 -> 18393 | GI56: 平均値 | GR56: =データ!DA7 -> 47.8 | HG56: =データ!DB7 -> 48.7 | HV56: =データ!DC7 -> 48.5 | IK56: =データ!DD7 -> 49.2 | IZ56: =データ!DE7 -> 48.7 | JW56: 平均値 | KF56: =データ!DL7 -> 26.2 | KU56: =データ!DM7 -> 26.3 | LJ56: =データ!DN7 -> 27.5 | LY56: =データ!DO7 -> 27.4 | MN56: =データ!DP7 -> 27.8
E58: 「収益の効率性①」 | CS58: 「収益の効率性②」 | GG58: 「費用の効率性①」 | JU58: 「費用の効率性②」
F62: 2. 老朽化の状況
NJ66: 全体総括
NJ68: 平成29年1月に、山形県の地域医療構想に沿って、病床数を削減するなどの経営の効率化を進めてきて効果が少しずつではあるが見えてきている。 少子高齢化が日本全体での問題となってきており、地方においてはその傾向がより顕著であり、当病院でも入院患者数の大幅な増加は見込めない状況。 今後は、如何に地域の実情に合わせた経営資源の投入ができるかが大きなポイントであることから、地域の診療所との連携を強め、病床利用率だけでなく、診療単価や平均在院日数などの効率化指標にも目を向け、『安全で安心できる質の高い医療の提供』『健全経営』を図っていく。
U78: =データ!$B$11 -> 41275 | AN78: =データ!$C$11 -> 41640 | BG78: =データ!$D$11 -> 42005 | BZ78: =データ!$E$11 -> 42370 | CS78: =データ!$F$11 -> 42736 | EO78: =データ!$B$11 -> 41275 | FH78: =データ!$C$11 -> 41640 | GA78: =データ!$D$11 -> 42005 | GT78: =データ!$E$11 -> 42370 | HM78: =データ!$F$11 -> 42736 | JJ78: =データ!$B$11 -> 41275 | KC78: =データ!$C$11 -> 41640 | KV78: =データ!$D$11 -> 42005 | LO78: =データ!$E$11 -> 42370 | MH78: =データ!$F$11 -> 42736
J79: 当該値 | U79: =データ!DR7 -> 49.1 | AN79: =データ!DS7 -> 60.7 | BG79: =データ!DT7 -> 62.3 | BZ79: =データ!DU7 -> 63.9 | CS79: =データ!DV7 -> 66.7 | ED79: 当該値 | EO79: =データ!EC7 -> 51.2 | FH79: =データ!ED7 -> 74.3 | GA79: =データ!EE7 -> 72.9 | GT79: =データ!EF7 -> 73.1 | HM79: =データ!EG7 -> 76 | IY79: 当該値 | JJ79: =データ!EN7 -> 40748588 | KC79: =データ!EO7 -> 41239121 | KV79: =データ!EP7 -> 42309323 | LO79: =データ!EQ7 -> 45191553 | MH79: =データ!ER7 -> 45416189
J80: 平均値 | U80: =データ!DW7 -> 45.9 | AN80: =データ!DX7 -> 50.7 | BG80: =データ!DY7 -> 51.3 | BZ80: =データ!DZ7 -> 51.2 | CS80: =データ!EA7 -> 52 | ED80: 平均値 | EO80: =データ!EH7 -> 56.6 | FH80: =データ!EI7 -> 62.6 | GA80: =データ!EJ7 -> 64.1 | GT80: =データ!EK7 -> 64.3 | HM80: =データ!EL7 -> 66 | IY80: 平均値 | JJ80: =データ!ES7 -> 50135188 | KC80: =データ!ET7 -> 50543381 | KV80: =データ!EU7 -> 51238617 | LO80: =データ!EV7 -> 51669762 | MH80: =データ!EW7 -> 53351028
F82: 「施設全体の減価償却の状況」 | DZ82: 「器械備品の減価償却の状況」 | IU82: 「建設投資の状況」
B85: ※ 「類似病院平均値（平均値）」については、病院区分及び類似区分に基づき算出している。
B89: ① | C89: ② | D89: ③ | E89: ④ | F89: ⑤ | G89: ⑥ | H89: ⑦ | I89: ⑧ | J89: ① | K89: ② | L89: ③
B90: =データ!AR6 -> 【98.5】 | C90: =データ!BC6 -> 【89.7】 | D90: =データ!BN6 -> 【64.7】 | E90: =データ!BY6 -> 【74.8】 | F90: =データ!CJ6 -> 【50,718】 | G90: =データ!CU6 -> 【14,202】 | H90: =データ!DF6 -> 【55.0】 | I90: =データ!DQ6 -> 【24.3】 | J90: =データ!EB6 -> 【51.6】 | K90: =データ!EM6 -> 【67.6】 | L90: =データ!EX6 -> 【45,442,498】

Sheet データ
A1: 病院事業(法適) | AH1: 1 | AI1: 1 | AJ1: 1 | AK1: 1 | AL1: 1 | AM1: 1 | AN1: 1 | AO1: 1 | AP1: 1 | AQ1: 1 | AS1: 1 | AT1: 1 | AU1: 1 | AV1: 1 | AW1: 1 | AX1: 1 | AY1: 1 | AZ1: 1 | BA1: 1 | BB1: 1 | BD1: 1 | BE1: 1 | BF1: 1 | BG1: 1 | BH1: 1 | BI1: 1 | BJ1: 1 | BK1: 1 | BL1: 1 | BM1: 1 | BO1: 1 | BP1: 1 | BQ1: 1 | BR1: 1 | BS1: 1 | BT1: 1 | BU1: 1 | BV1: 1 | BW1: 1 | BX1: 1 | BZ1: 1 | CA1: 1 | CB1: 1 | CC1: 1 | CD1: 1 | CE1: 1 | CF1: 1 | CG1: 1 | CH1: 1 | CI1: 1 | CK1: 1 | CL1: 1 | CM1: 1 | CN1: 1 | CO1: 1 | CP1: 1 | CQ1: 1 | CR1: 1 | CS1: 1 | CT1: 1 | CV1: 1 | CW1: 1 | CX1: 1 | CY1: 1 | CZ1: 1 | DA1: 1 | DB1: 1 | DC1: 1 | DD1: 1 | DE1: 1 | DG1: 1 | DH1: 1 | DI1: 1 | DJ1: 1 | DK1: 1 | DL1: 1 | DM1: 1 | DN1: 1 | DO1: 1 | DP1: 1 | DR1: 1 | DS1: 1 | DT1: 1 | DU1: 1 | DV1: 1 | DW1: 1 | DX1: 1 | DY1: 1 | DZ1: 1 | EA1: 1 | EC1: 1 | ED1: 1 | EE1: 1 | EF1: 1 | EG1: 1 | EH1: 1 | EI1: 1 | EJ1: 1 | EK1: 1 | EL1: 1 | EN1: 1 | EO1: 1 | EP1: 1 | EQ1: 1 | ER1: 1 | ES1: 1 | ET1: 1 | EU1: 1 | EV1: 1 | EW1: 1
A2: 項番 | B2: =COLUMN()-1 -> 1 | C2: =COLUMN()-1 -> 2 | D2: =COLUMN()-1 -> 3 | E2: =COLUMN()-1 -> 4 | F2: =COLUMN()-1 -> 5 | G2: =COLUMN()-1 -> 6 | H2: =COLUMN()-1 -> 7 | I2: =COLUMN()-1 -> 8 | ... EX2: =COLUMN()-1 -> 153
A3: 大項目 | B3: 年度 | C3: 団体コード | D3: 業務コード | E3: 業種コード | F3: 事業コード | G3: 施設コード | H3: 基本情報 | AH3: 1. 経営の健全性・効率性 | DR3: 2. 老朽化の状況
A4: 中項目 | AH4: ①経常収支比率(％) | AS4: ②医業収支比率(％) | BD4: ③累積欠損金比率(％) | BO4: ④病床利用率(％) | BZ4: ⑤入院患者１人１日当たり収益(円) | CK4: ⑥外来患者１人１日当たり収益(円) | CV4: ⑦職員給与費対医業収益比率(％) | DG4: ⑧材料費対医業収益比率(％) | DR4: ①有形固定資産減価償却率(％) | EC4: ②機械備品減価償却率(％) | EN4: ③１床当たり有形固定資産(円)
A5: 小項目 | H5: 都道府県名称 | I5: 団体名称 | J5: 施設名称 | K5: 法適用区分 | L5: 業種名・事業名 | M5: 病院区分 | N5: 類似区分 | O5: 管理者の情報 | P5: 経営形態 | Q5: 診療科数 | R5: DPC対象病院 | S5: 特殊診療機能 | T5: 指定病院の状況 | U5: 人口（人） | V5: 建物面積（㎡） | W5: 不採算地区病院 | X5: 看護配置 | Y5: 許可病床（一般） | Z5: 許可病床（療養） | AA5: 許可病床（結核） | AB5: 許可病床（精神） | AC5: 許可病床（感染症） | AD5: 許可病床（合計） | AE5: 稼働病床（一般） | AF5: 稼働病床（療養） | AG5: 稼働病床（一般＋療養） | AH5: 当該値(N-4) | AI5: 当該値(N-3) | AJ5: 当該値(N-2) | AK5: 当該値(N-1) | AL5: 当該値(N) | AM5: 平均値(N-4) | AN5: 平均値(N-3) | AO5: 平均値(N-2) | AP5: 平均値(N-1) | AQ5: 平均値(N) | AR5: 全国平均 | AS5: 当該値(N-4) | AT5: 当該値(N-3) | AU5: 当該値(N-2) | AV5: 当該値(N-1) | AW5: 当該値(N) | AX5: 平均値(N-4) | AY5: 平均値(N-3) | AZ5: 平均値(N-2) | BA5: 平均値(N-1) | BB5: 平均値(N) | BC5: 全国平均 | BD5: 当該値(N-4) | BE5: 当該値(N-3) | BF5: 当該値(N-2) | BG5: 当該値(N-1) | BH5: 当該値(N) | BI5: 平均値(N-4) | BJ5: 平均値(N-3) | BK5: 平均値(N-2) | BL5: 平均値(N-1) | BM5: 平均値(N) | BN5: 全国平均 | BO5: 当該値(N-4) | BP5: 当該値(N-3) | BQ5: 当該値(N-2) | BR5: 当該値(N-1) | BS5: 当該値(N) | BT5: 平均値(N-4) | BU5: 平均値(N-3) | BV5: 平均値(N-2) | BW5: 平均値(N-1) | BX5: 平均値(N) | BY5: 全国平均 | BZ5: 当該値(N-4) | CA5: 当該値(N-3) | CB5: 当該値(N-2) | CC5: 当該値(N-1) | CD5: 当該値(N) | CE5: 平均値(N-4) | CF5: 平均値(N-3) | CG5: 平均値(N-2) | CH5: 平均値(N-1) | CI5: 平均値(N) | CJ5: 全国平均 | CK5: 当該値(N-4) | CL5: 当該値(N-3) | CM5: 当該値(N-2) | CN5: 当該値(N-1) | CO5: 当該値(N) | CP5: 平均値(N-4) | CQ5: 平均値(N-3) | CR5: 平均値(N-2) | CS5: 平均値(N-1) | CT5: 平均値(N) | CU5: 全国平均 | CV5: 当該値(N-4) | CW5: 当該値(N-3) | CX5: 当該値(N-2) | CY5: 当該値(N-1) | CZ5: 当該値(N) | DA5: 平均値(N-4) | DB5: 平均値(N-3) | DC5: 平均値(N-2) | DD5: 平均値(N-1) | DE5: 平均値(N) | DF5: 全国平均 | DG5: 当該値(N-4) | DH5: 当該値(N-3) | DI5: 当該値(N-2) | DJ5: 当該値(N-1) | DK5: 当該値(N) | DL5: 平均値(N-4) | DM5: 平均値(N-3) | DN5: 平均値(N-2) | DO5: 平均値(N-1) | DP5: 平均値(N) | DQ5: 全国平均 | DR5: 当該値(N-4) | DS5: 当該値(N-3) | DT5: 当該値(N-2) | DU5: 当該値(N-1) | DV5: 当該値(N) | DW5: 平均値(N-4) | DX5: 平均値(N-3) | DY5: 平均値(N-2) | DZ5: 平均値(N-1) | EA5: 平均値(N) | EB5: 全国平均 | EC5: 当該値(N-4) | ED5: 当該値(N-3) | EE5: 当該値(N-2) | EF5: 当該値(N-1) | EG5: 当該値(N) | EH5: 平均値(N-4) | EI5: 平均値(N-3) | EJ5: 平均値(N-2) | EK5: 平均値(N-1) | EL5: 平均値(N) | EM5: 全国平均 | EN5: 当該値(N-4) | EO5: 当該値(N-3) | EP5: 当該値(N-2) | EQ5: 当該値(N-1) | ER5: 当該値(N) | ES5: 平均値(N-4) | ET5: 平均値(N-3) | EU5: 平均値(N-2) | EV5: 平均値(N-1) | EW5: 平均値(N) | EX5: 全国平均
A6: グラフ参照用 | B6: =B8 -> 2017 | C6: =C8 -> 62014 | D6: =D8 -> 46 | E6: =E8 -> 6 | F6: =F8 -> 0 | G6: =G8 -> 1 | H6: =IF(H8<>I8,H8,"")&IF(I8<>J8,I8,"")&" "&J8 -> 山形県山形市 市立病院済生館 | K6: =K8 -> 条例全部 | L6: =L8 -> 病院事業 | M6: =M8 -> 一般病院 | N6: =N8 -> 500床以上 | O6: =O8 -> 自治体職員 | P6: =P8 -> 直営 | Q6: =Q8 -> 30 | R6: =R8 -> 対象 | ... AG6: =AG8 -> 528 | AH6: =IF(AH8="-",NA(),AH8) -> 107.8 | AI6: =IF(AI8="-",NA(),AI8) -> 103.5 | AJ6: =IF(AJ8="-",NA(),AJ8) -> 102.2 | AK6: =IF(AK8="-",NA(),AK8) -> 97.9 | AL6: =IF(AL8="-",NA(),AL8) -> 99.8 | AM6: =IF(AM8="-",NA(),AM8) -> 101.7 | AN6: =IF(AN8="-",NA(),AN8) -> 101.1 | AO6: =IF(AO8="-",NA(),AO8) -> 100.3 | ... AQ6: =IF(AQ8="-",NA(),AQ8) -> 100.1 | AR6: =IF(AR8="-","【-】","【"&SUBSTITUTE(TEXT(AR8,"#,##0.0"),"-","△")&"】") -> 【98.5】 | AS6: =IF(AS8="-",NA(),AS8) -> 102.7 | AT6: =IF(AT8="-",NA(),AT8) -> 97.9 | AU6: =IF(AU8="-",NA(),AU8) -> 96.1 | AV6: =IF(AV8="-",NA(),AV8) -> 92.6 | AW6: =IF(AW8="-",NA(),AW8) -> 94.8 | AX6: =IF(AX8="-",NA(),AX8) -> 96 | AY6: =IF(AY8="-",NA(),AY8) -> 94.6 | AZ6: =IF(AZ8="-",NA(),AZ8) -> 94.4 | ... BB6: =IF(BB8="-",NA(),BB8) -> 94 | BC6: =IF(BC8="-","【-】","【"&SUBSTITUTE(TEXT(BC8,"#,##0.0"),"-","△")&"】") -> 【89.7】 | BD6: =IF(BD8="-",NA(),BD8) -> 0 | BE6: =IF(BE8="-",NA(),BE8) -> 0 | BF6: =IF(BF8="-",NA(),BF8) -> 0 | BG6: =IF(BG8="-",NA(),BG8) -> 3.1 | BH6: =IF(BH8="-",NA(),BH8) -> 3.2 | BI6: =IF(BI8="-",NA(),BI8) -> 41.7 | BJ6: =IF(BJ8="-",NA(),BJ8) -> 37.7 | BK6: =IF(BK8="-",NA(),BK8) -> 36.8 | ... BM6: =IF(BM8="-",NA(),BM8) -> 34.9 | BN6: =IF(BN8="-","【-】","【"&SUBSTITUTE(TEXT(BN8,"#,##0.0"),"-","△")&"】") -> 【64.7】 | BO6: =IF(BO8="-",NA(),BO8) -> 78.7 | BP6: =IF(BP8="-",NA(),BP8) -> 74.8 | BQ6: =IF(BQ8="-",NA(),BQ8) -> 72.3 | BR6: =IF(BR8="-",NA(),BR8) -> 72.4 | BS6: =IF(BS8="-",NA(),BS8) -> 79.6 | BT6: =IF(BT8="-",NA(),BT8) -> 80.3 | BU6: =IF(BU8="-",NA(),BU8) -> 80.7 | BV6: =IF(BV8="-",NA(),BV8) -> 80.7 | ... BX6: =IF(BX8="-",NA(),BX8) -> 79.9 | BY6: =IF(BY8="-","【-】","【"&SUBSTITUTE(TEXT(BY8,"#,##0.0"),"-","△")&"】") -> 【74.8】 | BZ6: =IF(BZ8="-",NA(),BZ8) -> 45682 | CA6: =IF(CA8="-",NA(),CA8) -> 46058 | CB6: =IF(CB8="-",NA(),CB8) -> 48579 | CC6: =IF(CC8="-",NA(),CC8) -> 48485 | CD6: =IF(CD8="-",NA(),CD8) -> 49833 | CE6: =IF(CE8="-",NA(),CE8) -> 59159 | CF6: =IF(CF8="-",NA(),CF8) -> 60787 | CG6: =IF(CG8="-",NA(),CG8) -> 62913 | ... CI6: =IF(CI8="-",NA(),CI8) -> 66228 | CJ6: =IF(CJ8="-","【-】","【"&SUBSTITUTE(TEXT(CJ8,"#,##0"),"-","△")&"】") -> 【50,718】 | CK6: =IF(CK8="-",NA(),CK8) -> 11819 | CL6: =IF(CL8="-",NA(),CL8) -> 12305 | CM6: =IF(CM8="-",NA(),CM8) -> 13136 | CN6: =IF(CN8="-",NA(),CN8) -> 13818 | CO6: =IF(CO8="-",NA(),CO8) -> 14457 | CP6: =IF(CP8="-",NA(),CP8) -> 14865 | CQ6: =IF(CQ8="-",NA(),CQ8) -> 15610 | CR6: =IF(CR8="-",NA(),CR8) -> 16993 | ... CT6: =IF(CT8="-",NA(),CT8) -> 18393 | CU6: =IF(CU8="-","【-】","【"&SUBSTITUTE(TEXT(CU8,"#,##0"),"-","△")&"】") -> 【14,202】 | CV6: =IF(CV8="-",NA(),CV8) -> 52.8 | CW6: =IF(CW8="-",NA(),CW8) -> 52.3 | CX6: =IF(CX8="-",NA(),CX8) -> 55.4 | CY6: =IF(CY8="-",NA(),CY8) -> 58 | CZ6: =IF(CZ8="-",NA(),CZ8) -> 55.8 | DA6: =IF(DA8="-",NA(),DA8) -> 47.8 | DB6: =IF(DB8="-",NA(),DB8) -> 48.7 | DC6: =IF(DC8="-",NA(),DC8) -> 48.5 | ... DE6: =IF(DE8="-",NA(),DE8) -> 48.7 | DF6: =IF(DF8="-","【-】","【"&SUBSTITUTE(TEXT(DF8,"#,##0.0"),"-","△")&"】") -> 【55.0】 | DG6: =IF(DG8="-",NA(),DG8) -> 20.3 | DH6: =IF(DH8="-",NA(),DH8) -> 20.7 | DI6: =IF(DI8="-",NA(),DI8) -> 20.7 | DJ6: =IF(DJ8="-",NA(),DJ8) -> 20.9 | DK6: =IF(DK8="-",NA(),DK8) -> 21.4 | DL6: =IF(DL8="-",NA(),DL8) -> 26.2 | DM6: =IF(DM8="-",NA(),DM8) -> 26.3 | DN6: =IF(DN8="-",NA(),DN8) -> 27.5 | ... DP6: =IF(DP8="-",NA(),DP8) -> 27.8 | DQ6: =IF(DQ8="-","【-】","【"&SUBSTITUTE(TEXT(DQ8,"#,##0.0"),"-","△")&"】") -> 【24.3】 | DR6: =IF(DR8="-",NA(),DR8) -> 49.1 | DS6: =IF(DS8="-",NA(),DS8) -> 60.7 | DT6: =IF(DT8="-",NA(),DT8) -> 62.3 | DU6: =IF(DU8="-",NA(),DU8) -> 63.9 | DV6: =IF(DV8="-",NA(),DV8) -> 66.7 | DW6: =IF(DW8="-",NA(),DW8) -> 45.9 | DX6: =IF(DX8="-",NA(),DX8) -> 50.7 | DY6: =IF(DY8="-",NA(),DY8) -> 51.3 | ... EA6: =IF(EA8="-",NA(),EA8) -> 52 | EB6: =IF(EB8="-","【-】","【"&SUBSTITUTE(TEXT(EB8,"#,##0.0"),"-","△")&"】") -> 【51.6】 | EC6: =IF(EC8="-",NA(),EC8) -> 51.2 | ED6: =IF(ED8="-",NA(),ED8) -> 74.3 | EE6: =IF(EE8="-",NA(),EE8) -> 72.9 | EF6: =IF(EF8="-",NA(),EF8) -> 73.1 | EG6: =IF(EG8="-",NA(),EG8) -> 76 | EH6: =IF(EH8="-",NA(),EH8) -> 56.6 | EI6: =IF(EI8="-",NA(),EI8) -> 62.6 | EJ6: =IF(EJ8="-",NA(),EJ8) -> 64.1 | ... EL6: =IF(EL8="-",NA(),EL8) -> 66 | EM6: =IF(EM8="-","【-】","【"&SUBSTITUTE(TEXT(EM8,"#,##0.0"),"-","△")&"】") -> 【67.6】 | EN6: =IF(EN8="-",NA(),EN8) -> 40748588 | EO6: =IF(EO8="-",NA(),EO8) -> 41239121 | EP6: =IF(EP8="-",NA(),EP8) -> 42309323 | EQ6: =IF(EQ8="-",NA(),EQ8) -> 45191553 | ER6: =IF(ER8="-",NA(),ER8) -> 45416189 | ES6: =IF(ES8="-",NA(),ES8) -> 50135188 | ET6: =IF(ET8="-",NA(),ET8) -> 50543381 | EU6: =IF(EU8="-",NA(),EU8) -> 51238617 | ... EW6: =IF(EW8="-",NA(),EW8) -> 53351028 | EX6: =IF(EX8="-","【-】","【"&SUBSTITUTE(TEXT(EX8,"#,##0"),"-","△")&"】") -> 【45,442,498】
A7: 表参照用 | B7: =B8 -> 2017 | C7: =C8 -> 62014 | D7: =D8 -> 46 | E7: =E8 -> 6 | F7: =F8 -> 0 | G7: =G8 -> 1 | K7: =K8 -> 条例全部 | L7: =L8 -> 病院事業 | M7: =M8 -> 一般病院 | N7: =N8 -> 500床以上 | O7: =O8 -> 自治体職員 | P7: =P8 -> 直営 | Q7: =Q8 -> 30 | R7: =R8 -> 対象 | ... AQ7: =AQ8 -> 100.1 | AS7: =AS8 -> 102.7 | AT7: =AT8 -> 97.9 | AU7: =AU8 -> 96.1 | AV7: =AV8 -> 92.6 | AW7: =AW8 -> 94.8 | AX7: =AX8 -> 96 | AY7: =AY8 -> 94.6 | AZ7: =AZ8 -> 94.4 | ... BB7: =BB8 -> 94 | BD7: =BD8 -> 0 | BE7: =BE8 -> 0 | BF7: =BF8 -> 0 | BG7: =BG8 -> 3.1 | BH7: =BH8 -> 3.2 | BI7: =BI8 -> 41.7 | BJ7: =BJ8 -> 37.7 | BK7: =BK8 -> 36.8 | ... BM7: =BM8 -> 34.9 | BO7: =BO8 -> 78.7 | BP7: =BP8 -> 74.8 | BQ7: =BQ8 -> 72.3 | BR7: =BR8 -> 72.4 | BS7: =BS8 -> 79.6 | BT7: =BT8 -> 80.3 | BU7: =BU8 -> 80.7 | BV7: =BV8 -> 80.7 | ... BX7: =BX8 -> 79.9 | BZ7: =BZ8 -> 45682 | CA7: =CA8 -> 46058 | CB7: =CB8 -> 48579 | CC7: =CC8 -> 48485 | CD7: =CD8 -> 49833 | CE7: =CE8 -> 59159 | CF7: =CF8 -> 60787 | CG7: =CG8 -> 62913 | ... CI7: =CI8 -> 66228 | CK7: =CK8 -> 11819 | CL7: =CL8 -> 12305 | CM7: =CM8 -> 13136 | CN7: =CN8 -> 13818 | CO7: =CO8 -> 14457 | CP7: =CP8 -> 14865 | CQ7: =CQ8 -> 15610 | CR7: =CR8 -> 16993 | ... CT7: =CT8 -> 18393 | CV7: =CV8 -> 52.8 | CW7: =CW8 -> 52.3 | CX7: =CX8 -> 55.4 | CY7: =CY8 -> 58 | CZ7: =CZ8 -> 55.8 | DA7: =DA8 -> 47.8 | DB7: =DB8 -> 48.7 | DC7: =DC8 -> 48.5 | ... DE7: =DE8 -> 48.7 | DG7: =DG8 -> 20.3 | DH7: =DH8 -> 20.7 | DI7: =DI8 -> 20.7 | DJ7: =DJ8 -> 20.9 | DK7: =DK8 -> 21.4 | DL7: =DL8 -> 26.2 | DM7: =DM8 -> 26.3 | DN7: =DN8 -> 27.5 | ... DP7: =DP8 -> 27.8 | DR7: =DR8 -> 49.1 | DS7: =DS8 -> 60.7 | DT7: =DT8 -> 62.3 | DU7: =DU8 -> 63.9 | DV7: =DV8 -> 66.7 | DW7: =DW8 -> 45.9 | DX7: =DX8 -> 50.7 | DY7: =DY8 -> 51.3 | ... EA7: =EA8 -> 52 | EC7: =EC8 -> 51.2 | ED7: =ED8 -> 74.3 | EE7: =EE8 -> 72.9 | EF7: =EF8 -> 73.1 | EG7: =EG8 -> 76 | EH7: =EH8 -> 56.6 | EI7: =EI8 -> 62.6 | EJ7: =EJ8 -> 64.1 | ... EL7: =EL8 -> 66 | EN7: =EN8 -> 40748588 | EO7: =EO8 -> 41239121 | EP7: =EP8 -> 42309323 | EQ7: =EQ8 -> 45191553 | ER7: =ER8 -> 45416189 | ES7: =ES8 -> 50135188 | ET7: =ET8 -> 50543381 | EU7: =EU8 -> 51238617 | ... EW7: =EW8 -> 53351028
B8: 2017 | C8: 62014 | D8: 46 | E8: 6 | F8: 0 | G8: 1 | H8: 山形県 | I8: 山形市 | J8: 市立病院済生館 | K8: 条例全部 | L8: 病院事業 | M8: 一般病院 | N8: 500床以上 | O8: 自治体職員 | P8: 直営 | Q8: 30 | R8: 対象 | S8: ド 透 未 訓 ガ | T8: 救 臨 が 災 地 | U8: 248024 | V8: 41950 | W8: 非該当 | X8: ７：１ | Y8: 528 | Z8: - | AA8: - | AB8: - | AC8: - | AD8: 528 | AE8: 528 | AF8: - | AG8: 528 | AH8: 107.8 | AI8: 103.5 | AJ8: 102.2 | AK8: 97.9 | AL8: 99.8 | AM8: 101.7 | AN8: 101.1 | AO8: 100.3 | AP8: 99.8 | AQ8: 100.1 | AR8: 98.5 | AS8: 102.7 | AT8: 97.9 | AU8: 96.1 | AV8: 92.6 | AW8: 94.8 | AX8: 96 | AY8: 94.6 | AZ8: 94.4 | BA8: 93.6 | BB8: 94 | BC8: 89.7 | BD8: 0 | BE8: 0 | BF8: 0 | BG8: 3.1 | BH8: 3.2 | BI8: 41.7 | BJ8: 37.7 | BK8: 36.8 | BL8: 33.9 | BM8: 34.9 | BN8: 64.7 | BO8: 78.7 | BP8: 74.8 | BQ8: 72.3 | BR8: 72.4 | BS8: 79.6 | BT8: 80.3 | BU8: 80.7 | BV8: 80.7 | BW8: 79.5 | BX8: 79.9 | BY8: 74.8 | BZ8: 45682 | CA8: 46058 | CB8: 48579 | CC8: 48485 | CD8: 49833 | CE8: 59159 | CF8: 60787 | CG8: 62913 | CH8: 64765 | CI8: 66228 | CJ8: 50718 | CK8: 11819 | CL8: 12305 | CM8: 13136 | CN8: 13818 | CO8: 14457 | CP8: 14865 | CQ8: 15610 | CR8: 16993 | CS8: 17680 | CT8: 18393 | CU8: 14202 | CV8: 52.8 | CW8: 52.3 | CX8: 55.4 | CY8: 58 | CZ8: 55.8 | DA8: 47.8 | DB8: 48.7 | DC8: 48.5 | DD8: 49.2 | DE8: 48.7 | DF8: 55 | DG8: 20.3 | DH8: 20.7 | DI8: 20.7 | DJ8: 20.9 | DK8: 21.4 | DL8: 26.2 | DM8: 26.3 | DN8: 27.5 | DO8: 27.4 | DP8: 27.8 | DQ8: 24.3 | DR8: 49.1 | DS8: 60.7 | DT8: 62.3 | DU8: 63.9 | DV8: 66.7 | DW8: 45.9 | DX8: 50.7 | DY8: 51.3 | DZ8: 51.2 | EA8: 52 | EB8: 51.6 | EC8: 51.2 | ED8: 74.3 | EE8: 72.9 | EF8: 73.1 | EG8: 76 | EH8: 56.6 | EI8: 62.6 | EJ8: 64.1 | EK8: 64.3 | EL8: 66 | EM8: 67.6 | EN8: 40748588 | EO8: 41239121 | EP8: 42309323 | EQ8: 45191553 | ER8: 45416189 | ES8: 50135188 | ET8: 50543381 | EU8: 51238617 | EV8: 51669762 | EW8: 53351028 | EX8: 45442498
B10: Ｎ－４年度 | C10: Ｎ－３年度 | D10: Ｎ－２年度 | E10: Ｎ－１年度 | F10: Ｎ年度
A11: 年度 | B11: =DATEVALUE($B$6-4&"年1月1日") -> 41275 | C11: =DATEVALUE($B$6-3&"年1月1日") -> 41640 | D11: =DATEVALUE($B$6-2&"年1月1日") -> 42005 | E11: =DATEVALUE($B$6-1&"年1月1日") -> 42370 | F11: =DATEVALUE($B$6&"年1月1日") -> 42736
